 Dungeon Crawl Stone Soup version 0.23.2-1-ga50397a6bc (webtiles) character file.

Game seed: 13609307689742317188

218 Devam the Grave Robber (level 5, -10/35 HPs)
             Began as a Mummy Necromancer on May 22, 2019.
             Mangled by an orc warrior
             ... wielding a +0 halberd
              (26 damage)
             ... on level 3 of the Dungeon.
             The game lasted 00:16:23 (3469 turns).

Devam the Grave Robber (Mummy Necromancer)          Turns: 3469, Time: 00:16:24

Health: -10/35     AC:  7    Str: 11    XL:     5   Next: 63%
Magic:  8/9        EV: 12    Int: 16    God:
Gold:   152        SH:  0    Dex: 12    Spells: 2/10 levels left

rFire    x . .     SeeInvis .   p - +2 whip (elec)
rCold    + . .     Gourm    .   (no shield)
rNeg     + + +     Faith    .   a - +1 robe
rPois    ∞         Spirit   .   h - +0 helmet
rElec    .         Reflect  .   (no cloak)
rCorr    .         Harm     .   (no gloves)
MR       .....                  (no boots)
Stlth    ++........             (no amulet)
HPRegen  0.11/turn              f - +3 ring of protection
MPRegen  0.11/turn              (no ring)

@: no status effects
A: no food or potions, fire vulnerability, cold resistance 1, negative energy
resistance 3, torment resistance, unbreathing
a: no special abilities


You were on level 3 of the Dungeon.
You were not hungry.

You visited 1 branch of the dungeon, and saw 3 of its levels.

You collected 152 gold pieces.

Inventory:

Hand Weapons
 m - a +3 dagger of draining
 p - a +2 whip of electrocution (weapon)
Missiles
 b - 123 stones (quivered)
 n - 5 tomahawks
 o - 3 tomahawks of returning
Armour
 a - a +1 robe (worn)
 h - a +0 helmet (worn)
 q - a +0 buckler
Jewellery
 f - a +3 ring of protection (left hand)
Wands
 j - a wand of flame (26)
Scrolls
 c - 3 scrolls of enchant weapon
 d - 2 scrolls of identify
 g - 2 scrolls of remove curse
 i - a scroll of enchant armour
 k - a scroll of immolation


   Skills:
 - Level 0.1 Fighting
 + Level 1.2 Maces & Flails
 - Level 1.5 Dodging
 - Level 1.5 Stealth
 - Level 3.0 Spellcasting
 + Level 6.5 Necromancy


You had 2 spell levels left.
You knew the following spells:

 Your Spells              Type           Power        Failure   Level  Hunger
a - Pain                  Necr           ###.         1%          1    N/A
b - Vampiric Draining     Necr           ###.......   3%          3    N/A
c - Animate Dead          Necr           N/A          12%         4    N/A

Your spell library contained the following spells:

 Spells                   Type           Power        Failure   Level  Hunger
 Animate Skeleton         Necr           N/A          1%          1    N/A
 Regeneration             Chrm/Necr      Unusable     N/A         3    N/A

Dungeon Overview and Level Annotations

Branches:
Dungeon (3/15)

Altars:
Fedhas
Kikubaaqudgha
Uskayaw
The Shining One

Annotations:
D:2 Natasha
D:3 1 runed translucent door, Crazy Yiuf


Innate Abilities, Weirdness & Mutations

You do not eat or drink.
Your flesh is vulnerable to fire.
You are immune to poison.
Your flesh is cold resistant. (rC+)
You are immune to negative energy. (rN+++)
You are immune to unholy pain and torment.
You can survive without breathing.


Message History

Beogh smites you!
Your magical contamination has completely faded away.
You open the door.
There is an open door here.
As you close the door, it creaks loudly!
An orc warrior opens the door.
The orc priest looks satisfied for a moment.
The orc priest casts a cantrip, but nothing happens.
There is an open door here.
You close the door.
Okay, then.
Unknown command.
As you read the scroll labeled KUUREL PETE, it crumbles to dust.
Your ears itch!
It was a scroll of random uselessness.
An orc warrior opens the door.
As you read the scroll of fog, it crumbles to dust.
The scroll dissolves into smoke.
The orc warrior hits you from afar with a +0 halberd!!
Ouch! That really hurt!
You die...

...........o...o.# #.#
...#######.####### #o# ####
#.# #####o#### ##'##
#........# ###### ##...##
#.###.##.# .....###.....##
#!###..#.# ..##.##......o##
#..#...#.#
..##.#........o####........#
.....+........§§@§§......###
.%##......#########...#.##
.....####.#### ##.##.#
.###.#.......# ####.# ##
#.##.##.# #o# #
##.#.#...#.#### #.# #
#......_.....†### #.# #
#.##.#...#.#.oo.# #o#
#.##.##.#.##.# #.#


You could see an orc warrior.

Vanquished Creatures
  2 orc wizards (D:3)
  An iguana (D:3)
  Robin (D:3)
  3 adders
  An ooze (D:2)
  2 worms
  2 dart slugs
  4 leopard geckos
  9 orcs (D:3)
  7 bats
  2 giant cockroaches
  11 goblins
  11 hobgoblins
  2 jackals (D:1)
  5 kobolds
  A quokka (D:2)
  A frilled lizard (D:1)
  9 rats
74 creatures vanquished.

Notes
Turn   | Place    | Note
-------+----------+-------------------------------------------
     0 | D:1      | Devam the Mummy Necromancer began the quest for the Orb.
     0 | D:1      | Reached XP level 1. HP: 13/13 MP: 4/4
   281 | D:1      | Reached XP level 2. HP: 19/19 MP: 0/5
  1049 | D:2      | Noticed Natasha
  1090 | D:2      | Found a hide-covered altar of Uskayaw.
  1189 | D:2      | Reached XP level 3. HP: 23/24 MP: 7/7
  1200 | D:2      | Learned a level 3 spell: Vampiric Draining
  1231 | D:2      | Reached skill level 5 in Necromancy
  1247 | D:2      | Found a blossoming altar of Fedhas.
  1607 | D:2      | Found a glowing golden altar of the Shining One.
  1993 | D:3      | Reached XP level 4. HP: 27/30 MP: 8/8
  2286 | D:3      | Learned a level 4 spell: Animate Dead
  2380 | D:3      | Reached skill level 6 in Necromancy
  2645 | D:3      | Found a faded altar of an unknown god.
  2737 | D:3      | Noticed Robin
  2768 | D:3      | Killed Robin
  2768 | D:3      | Reached XP level 5. HP: 35/35 MP: 0/9
  3188 | D:3      | Found a runed translucent door.
  3189 | D:3      | Noticed Crazy Yiuf
  3237 | D:3      | Found an ancient bone altar of Kikubaaqudgha.
  3281 | D:3      | Reached skill level 1 in Maces & Flails
  3364 | D:3      | Noticed an orc warrior
  3469 | D:3      | Mangled by an orc warrior

Skill      XL: |  1  2  3  4  5 |
---------------+----------------+-----
Necromancy     | 5 6 |  6.5
Spellcasting   | 3 |  3.0
Maces & Flails | 1 |  1.2
Fighting       | |  0.1
Dodging        | |  1.5
Stealth        | |  1.5

Action                   |  1- 3 |  4- 6 || total
-------------------------+-------+-------++-------
Melee: Unarmed           |     8 |       ||     8
       Club              |     3 |       ||     3
       Whip              |    11 |     9 ||    20
       Dagger            |    29 |    21 ||    50
Throw: Stone             |    13 |       ||    13
 Cast: Pain              |    77 |    67 ||   144
       Vampiric Draining |     3 |     5 ||     8
  Use: Scroll            |     6 |     2 ||     8
 Stab: Sleeping          |     4 |     1 ||     5
Armor: Robe              |     6 |    15 ||    21
Dodge: Dodged            |    39 |    33 ||    72
